 Dungeon Crawl Stone Soup version 0.21.1-1-g345015f (webtiles) character file.

87 inc the Chiller (level 4, 0/27 HPs)
             Began as an Octopode Ice Elementalist on June 18, 2018.
             Slain by an orc
             ... wielding a cursed +0 club
              (6 damage)
             ... on level 3 of the Dungeon.
             The game lasted 00:03:10 (2482 turns).

inc the Chiller (Octopode Ice Elementalist)         Turns: 2482, Time: 00:03:11

Health: 0/27       AC:  1    Str:  7    XL:     4   Next: 51%
Magic:  7/8        EV: 13    Int: 18    God:
Gold:   76         SH:  0    Dex: 12    Spells: 7/8 levels left

rFire    + . .     SeeInvis .   i - +0 short sword
rCold    . . .     Gourm    .   (no shield)
rNeg     . . .     Faith    .   (helmet restricted)
rPois    .         Spirit   .   (no amulet)
rElec    .         Reflect  .   j - ring of protection from fire (curse)
rCorr    .         Harm     .   (no ring)
MR       .....                  (no ring)
Stlth    +++.......             (no ring)
HPRegen  0.09/turn              (no ring)
MPRegen  0.11/turn              (no ring)
                                (no ring)
                                (no ring)

@: no status effects
A: almost no armour, stealthy swim, amphibious, 8 rings, constrict 8, camouflage
1, gelatinous body 1
a: no special abilities


You were on level 3 of the Dungeon.
You were not hungry.

You visited 1 branch of the dungeon, and saw 3 of its levels.

You collected 76 gold pieces.

Inventory:

Hand Weapons
 i - a +0 short sword (weapon)
Jewellery
 j - a cursed ring of protection from fire (left tentacle)
 m - an uncursed amulet of guardian spirit {unknown}
Scrolls
 e - a scroll of teleportation {unknown}
 f - 4 scrolls of identify {unknown}
 g - a scroll of enchant armour {unknown}
 h - a scroll of noise {unknown}
 n - a scroll of fear {unknown}
Potions
 c - 2 potions of heal wounds {unknown}
 d - a potion of degeneration {unknown}
 k - a potion of agility {unknown}
 l - a potion of ambrosia {unknown}
 o - a potion of flight {unknown}
Books
 a - a book of Frost

   Spells                             Type                      Level
   a - Freeze                         Ice                          1
   b - Throw Frost                    Conjuration/Ice              2
   c - Ozocubu's Armour               Charms/Ice                   3
   d - Throw Icicle                   Conjuration/Ice              4
   e - Summon Ice Beast               Ice/Summoning                4
Comestibles
 b - 4 rations


   Skills:
 + Level 0.2 Fighting
 + Level 0.5 Short Blades
 + Level 2.2 Dodging
 + Level 3.5 Stealth
 + Level 0.3 Unarmed Combat
 + Level 2.9 Spellcasting
   Level 1.0 Conjurations
 + Level 3.9 Ice Magic


You had 7 spell levels left.
You knew the following spells:

 Your Spells              Type           Power        Failure   Level  Hunger
a - Freeze                Ice            ###.         3%          1    None


Dungeon Overview and Level Annotations

Branches:
Dungeon (3/15)

Altars:
Hepliaklqana
Qazlal


Innate Abilities, Weirdness & Mutations

You cannot wear most types of armour.
You are very stealthy in the water. (Stealth+)
You are amphibious.
You can wear up to eight rings at the same time.
You can use your tentacles to constrict eight enemies at once.
Your skin changes colour to match your surroundings (Stealth+).
Your rubbery body absorbs attacks. (AC +1, EV +1)


Message History

Your squeeze misses the leopard gecko.
The leopard gecko is moderately wounded.
The leopard gecko barely misses you. The orc misses you.
The leopard gecko barely misses you.
You closely miss the leopard gecko. Your grab misses the leopard gecko.
The leopard gecko is moderately wounded.
The orc hits you with a club. The leopard gecko bites you.
* * * LOW HITPOINT WARNING * * *
You miss the leopard gecko. You grab the leopard gecko.
You kill the leopard gecko!
The orc closely misses you.
Casting: Freeze
Confirm with . or Enter, or press ? or * to list all spells.
Aiming: Freeze
Press: ? - help, Shift-Dir - straight line, f - orc
Aim: an orc, wielding a club You freeze the orc.
The orc is moderately wounded.
The orc hits you with a club.
You die...

#....#.# .##. #......
......# ... #..##!#
......# ##.#
##..##.##......#
#...##..............#
#.#.................#
#..............[....#
###...................#
##..............@o.....#
.......<...........#.###
..#.#.........#...## .
#.........#####
.........#.#
#.........#.#
..........##.#
....#.........#
...##......##..


You could see an orc.

Vanquished Creatures
  3 gnolls (D:2)
  A dart slug (D:1)
  2 leopard geckos
  4 giant cockroaches
  5 hobgoblins
  5 jackals (D:2)
  3 kobolds
  2 ball pythons (D:1)
  5 bats
  6 frilled lizards
  11 goblins
  A rat (D:2)
48 creatures vanquished.

Notes
Turn   | Place    | Note
-------+----------+-------------------------------------------
     0 | D:1      | inc the Octopode Ice Elementalist began the quest for the Orb.
     0 | D:1      | Reached XP level 1. HP: 11/11 MP: 3/3
   291 | D:1      | Reached XP level 2. HP: 7/17 MP: 1/5
   911 | D:1      | Reached XP level 3. HP: 16/21 MP: 6/6
  1641 | D:2      | Found a hazy altar of Hepliaklqana.
  2007 | D:2      | Found a stormy altar of Qazlal.
  2088 | D:2      | Reached XP level 4. HP: 27/27 MP: 2/7
  2482 | D:3      | Slain by an orc

Skill      XL: |  1  2 |
---------------+-------+-----
Stealth        | 3 |  3.5
Fighting       | |  0.2
Short Blades   | |  0.5
Dodging        | |  2.2
Unarmed Combat | |  0.3
Spellcasting   | |  2.9
Conjurations   | |  1.0
Ice Magic      | |  3.9

Action                   |  1- 3 |  4- 6 || total
-------------------------+-------+-------++-------
Melee: Unarmed           |    22 |       ||    22
       Constrict         |    20 |     6 ||    26
       Tentacles         |     9 |     3 ||    12
       Short sword       |    45 |    24 ||    69
 Cast: Freeze            |    30 |     4 ||    34
 Stab: Sleeping          |     8 |       ||     8
  Eat: Chunk             |     4 |     1 ||     5
Armor: Skin              |     7 |     3 ||    10
Dodge: Dodged            |    66 |    20 ||    86
